[Event "January 9 Late 2024"]
[Site "https://www.chess.com"]
[Date "2024.01.09"]
[Round "1"]
[White "Koellner, Ruben Gideon"]
[Black "Blanco Diez, David"]
[Result "0-1"]
[Board "110"]
[TimeControl "180+1"]
[WhiteFideId "12993093"]
[BlackFideId "32032927"]
[WhiteElo "2754"]
[BlackElo "2428"]
[WhiteTeam "GER"]
[BlackTeam "ESP"]
[WhiteClock "0:00:00"]
[BlackClock "0:00:03"]

1. d4 Nf6 2. Nf3 g6 3. Nbd2 d5 4. e3 Bg7 5. b4 O-O 6. c4 b6 7. Bb2 Bb7 8. Be2 Ne4 9. Nxe4 dxe4 10. Nd2 c5 11. bxc5 bxc5 12. Nb3 cxd4 13. Bxd4 Nc6 14. Bxg7 Kxg7 15. O-O Ne5 16. Qd4 Qc7 17. Rac1 Rfd8 18. Qc3 f6 19. Rfd1 Rac8 20. Rxd8 Rxd8 21. Nd4 Kf7 22. c5 Bd5 23. a4 Rc8 24. Nb5 Qd7 25. Rd1 e6 26. Rc1 Ke7 27. Qb4 Nc6 28. Qa3 Rb8 29. Nc3 a6 0-1

[Event "January 9 Late 2024"]
[Site "https://www.chess.com"]
[Date "2024.01.09"]
[Round "1"]
[White "Poddubnyi, Viktor"]
[Black "Goltsev, Dmitry"]
[Result "0-1"]
[Board "111"]
[TimeControl "180+1"]
[WhiteFideId "4141989"]
[BlackFideId "24176710"]
[WhiteElo "2424"]
[BlackElo "2751"]
[WhiteTeam "RUS"]
[BlackTeam "RUS"]
[WhiteClock "0:00:00"]
[BlackClock "0:00:26"]

1. e4 e6 2. d4 d5 3. Nd2 c5 4. exd5 exd5 5. Bb5+ Nc6 6. Qe2+ Be7 7. dxc5 Nf6 8. Nb3 O-O 9. Be3 a6 10. Ba4 Re8 11. O-O-O Bf5 12. Nf3 Ng4 13. Nfd4 Nxe3 14. fxe3 Bd7 15. Qf2 Bg5 16. Rhe1 Nxd4 17. Rxd4 Bxa4 18. Rxa4 Qe7 19. Kb1 Bxe3 20. Qf3 Qg5 21. a3 d4 22. Nxd4 Bxd4 23. Rxe8+ Rxe8 24. Rxd4 Qxc5 25. Rd7 Qc4 26. b3 Qe6 27. Rxb7 g6 28. Ra7 a5 29. Ra8 h5 30. Rxe8+ Qxe8 31. Qd5 Qe2 32. h3 Kg7 33. Kb2 Qe1 34. Qd4+ Kg8 35. Qc3 Qf2 36. Qxa5 Qxg2 37. a4 Qxh3 38. Qa8+ Kh7 39. a5 Qe3 40. Qd5 Kg7 41. a6 h4 42. Qc4 h3 0-1

[Event "January 9 Late 2024"]
[Site "https://www.chess.com"]
[Date "2024.01.10"]
[Round "1"]
[White "Kosteniuk, Alexandra"]
[Black "Goncalves, Samuel Jesus P"]
[Result "1-0"]
[Board "112"]
[TimeControl "180+1"]
[WhiteFideId "4128125"]
[BlackFideId "1945130"]
[WhiteElo "2749"]
[BlackElo "2421"]
[WhiteTeam "SUI"]
[BlackTeam "POR"]
[WhiteClock "0:01:09"]
[BlackClock "0:00:08"]

1. Nf3 Nf6 2. g3 b5 3. Bg2 Bb7 4. a4 b4 5. O-O e6 6. a5 c5 7. c3 Be7 8. d4 O-O 9. cxb4 cxb4 10. Nbd2 d5 11. Nb3 Nbd7 12. a6 Bc6 13. Ne5 Nxe5 14. dxe5 Nd7 15. Nd4 Qb6 16. Nxc6 Qxc6 17. f4 Rfc8 18. Be3 g6 19. Qd2 Nb6 20. b3 Qc3 21. Rab1 Bc5 22. Qxc3 bxc3 23. Bxc5 Rxc5 24. Rfc1 Rac8 25. Rc2 Rb5 26. e3 Kf8 27. Kf2 Ke7 28. Ke2 Ra5 29. Kd3 Rxa6 30. Rxc3 Rxc3+ 31. Kxc3 Ra2 32. Rb2 Rxb2 33. Kxb2 Kd7 34. Kc3 Kc6 35. Kb4 Nd7 36. e4 d4 37. Kc4 Nc5 38. b4 Na4 39. Bf1 Nb6+ 40. Kxd4 h5 41. h3 Na4 42. g4 hxg4 43. hxg4 Nb2 44. Be2 Kb6 45. Kc3 Na4+ 46. Kb3 a5 47. Kxa4 axb4 48. Kxb4 Kc6 49. Kc4 Kd7 50. Kc5 Ke7 51. Kc6 g5 52. fxg5 Kf8 53. Kd6 Kg7 54. Ke7 Kg6 55. Bd1 Kg7 56. Ba4 Kg6 57. Be8 Kxg5 58. Kxf7 1-0

[Event "January 9 Late 2024"]
[Site "https://www.chess.com"]
[Date "2024.01.09"]
[Round "1"]
[White "Gatterer, Florian"]
[Black "Tristan, Leonardo"]
[Result "0-1"]
[Board "113"]
[TimeControl "180+1"]
[WhiteFideId "811688"]
[BlackFideId "113816"]
[WhiteElo "2420"]
[BlackElo "2748"]
[WhiteTeam "ITA"]
[BlackTeam "ARG"]
[WhiteClock "0:00:31"]
[BlackClock "0:00:11"]

1. d4 d5 2. Nf3 Nf6 3. g3 Bf5 4. Bg2 e6 5. c4 c6 6. Nc3 Nbd7 7. Qb3 Qb6 8. c5 Qa6 9. Bf1 Ne4 10. e3 Qa5 11. Nh4 Nxc3 12. bxc3 Bg4 13. h3 Bh5 14. g4 Be7 15. gxh5 Bxh4 16. Bd2 Qc7 17. Rg1 Nf6 18. h6 Ne4 19. Rg2 Bxf2+ 20. Kd1 gxh6 21. Bd3 Bg3 22. Bxe4 dxe4 23. Rb1 Rb8 24. Qc2 f5 25. Qb3 Kf7 26. Ke2 h5 27. h4 Rhg8 28. Rbg1 Rg4 29. c4 Rbg8 30. d5 Qd7 31. d6 b6 32. cxb6 axb6 33. Qxb6 Bxd6 34. Rxg4 hxg4 35. Bc3 Bc7 36. Qc5 Qd3+ 37. Kf2 Qc2+ 38. Kf1 Qxc3 39. Qxc6 Qd3+ 40. Kf2 Qd2+ 41. Kf1 Qd1+ 42. Kf2 Qf3+ 43. Ke1 Ba5# 0-1

[Event "January 9 Late 2024"]
[Site "https://www.chess.com"]
[Date "2024.01.09"]
[Round "1"]
[White "Leitao, Rafael"]
[Black "Bueno, Alfeu Junior Varela"]
[Result "1-0"]
[Board "114"]
[TimeControl "180+1"]
[WhiteFideId "2101246"]
[BlackFideId "2108879"]
[WhiteElo "2745"]
[BlackElo "2416"]
[WhiteTeam "BRA"]
[BlackTeam "BRA"]
[WhiteClock "0:00:39"]
[BlackClock "0:00:01"]

1. c4 e5 2. Nc3 Nc6 3. Nf3 f5 4. d4 e4 5. Ng5 Bb4 6. Nh3 Bxc3+ 7. bxc3 Nf6 8. Nf4 O-O 9. e3 d6 10. Be2 Qe8 11. h4 Ne7 12. h5 c5 13. a4 Nc6 14. a5 Rb8 15. Nd5 Qf7 16. Qb3 b6 17. axb6 axb6 18. Rb1 Na5 19. Qa2 Nxd5 20. cxd5 Qc7 21. dxc5 Qxc5 22. c4 Ba6 23. h6 Bxc4 24. Qa1 gxh6 25. Ba3 Qxd5 26. Rd1 Qb5 27. Rh3 Bxe2 28. Rg3+ Kf7 29. Qg7+ Ke8 30. Bxd6 Nc4 1-0

[Event "January 9 Late 2024"]
[Site "https://www.chess.com"]
[Date "2024.01.09"]
[Round "1"]
[White "Casalaspro, Mathias Andre"]
[Black "Yuan, Qingyu"]
[Result "0-1"]
[Board "115"]
[TimeControl "180+1"]
[WhiteFideId "22772626"]
[BlackFideId "8609772"]
[WhiteElo "2416"]
[BlackElo "2744"]
[WhiteTeam "BRA"]
[BlackTeam "CHN"]
[WhiteClock "0:02:17"]
[BlackClock "0:02:22"]

1. d4 Nf6 2. Nc3 d5 3. Bf4 c5 4. e4 Nxe4 5. Nxe4 dxe4 6. dxc5 Qa5+ 7. c3 Qxc5 8. Qa4+ Nc6 9. Qxe4 g6 10. Nf3 Bg7 11. Rd1 Bf5 12. Qa4 O-O 13. Be3 Qa5 14. Bb5 Qc7 15. O-O 0-1

[Event "January 9 Late 2024"]
[Site "https://www.chess.com"]
[Date "2024.01.09"]
[Round "1"]
[White "Schnaider, Ilan"]
[Black "Kovalevsky, Stanislav"]
[Result "1/2-1/2"]
[Board "116"]
[TimeControl "180+1"]
[WhiteFideId "169013"]
[BlackFideId "13508598"]
[WhiteElo "2742"]
[BlackElo "2415"]
[WhiteTeam "ARG"]
[BlackTeam "FID"]
[WhiteClock "0:00:02"]
[BlackClock "0:00:10"]

1. e4 c6 2. Nc3 d5 3. Nf3 Bg4 4. h3 Bxf3 5. Qxf3 d4 6. Ne2 e5 7. c3 c5 8. Ng3 Nc6 9. Bc4 Nf6 10. d3 g6 11. h4 h5 12. Bg5 Bg7 13. O-O O-O 14. Ne2 Qd6 15. Qg3 Ng4 16. f3 Ne3 17. Bxe3 dxe3 18. Rae1 Rad8 19. f4 exf4 20. Nxf4 Ne5 21. Qxe3 Nxc4 22. dxc4 Qd2 23. Nd5 Qxb2 24. e5 Qxa2 25. e6 Qxc4 26. e7 Qxd5 27. exf8=Q+ Rxf8 28. Rd1 Qc4 29. Rf3 Qxh4 30. Rd7 Qa4 31. Rxb7 Re8 32. Re7 Qd1+ 33. Rf1 Rxe7 34. Qxe7 Qd5 35. Qe8+ Bf8 36. Qe3 a5 37. Ra1 c4 38. Qe2 Qb5 39. Qa2 Qb3 40. Qxb3 cxb3 41. Rxa5 Bg7 42. Rb5 Bxc3 43. Rxb3 Bd4+ 44. Kh2 Be5+ 45. Kh3 Kg7 46. Rb5 f6 47. Kh4 Kh6 48. Kh3 g5 49. g3 Kg6 50. Rb7 Kf5 51. Rb5 Ke4 52. Rb4+ Kf3 53. Rb3+ Kf2 54. Rb6 Bxg3 55. Rb2+ Kf3 56. Rb3+ Kf4 57. Rxg3 g4+ 58. Kh4 f5 59. Rg1 Ke3 60. Kxh5 Kf2 61. Ra1 g3 62. Ra2+ Kf1 63. Ra1+ Kf2 64. Ra5 f4 65. Kg4 g2 66. Ra1 g1=Q+ 67. Rxg1 Kxg1 68. Kxf4 1/2-1/2

[Event "January 9 Late 2024"]
[Site "https://www.chess.com"]
[Date "2024.01.10"]
[Round "1"]
[White "Hoeffer, David"]
[Black "Khatoev, Eduard"]
[Result "1/2-1/2"]
[Board "117"]
[TimeControl "180+1"]
[WhiteFideId "24606766"]
[BlackFideId "24145076"]
[WhiteElo "2414"]
[BlackElo "2742"]
[WhiteTeam "GER"]
[BlackTeam "RUS"]
[WhiteClock "0:00:21"]
[BlackClock "0:00:21"]

1. e4 c6 2. Nc3 d5 3. Qf3 dxe4 4. Nxe4 e6 5. c3 f5 6. Ng3 Nf6 7. d4 Be7 8. Bd3 Nbd7 9. Bf4 h6 10. h4 c5 11. O-O-O cxd4 12. cxd4 Qb6 13. Bc2 Ng4 14. N1e2 Rf8 15. Nc3 Ndf6 16. Rhe1 Bd7 17. d5 g5 18. hxg5 hxg5 19. Bxg5 Qxf2 20. dxe6 Bc6 21. Ba4 Bxa4 22. Nxa4 Qxf3 23. gxf3 Nf2 24. Rd2 Rc8+ 25. Nc3 Rg8 26. Bxf6 Bxf6 27. Nxf5 Bg5 28. Nd6+ Ke7 29. Nxc8+ Rxc8 30. Kc2 Bxd2 31. Kxd2 Rd8+ 32. Kc2 Nd3 33. Rh1 Kxe6 34. Rh7 Ne1+ 35. Kb3 Rd7 36. Rxd7 Kxd7 37. Ne4 Nxf3 38. Nc5+ Kc6 39. Ne6 Kd6 40. Nf4 Ke5 41. Nd3+ Kd4 42. Nf4 a6 43. a4 Ke3 44. Nd5+ Kd4 45. Nf4 Ke4 46. Ne6 Nd4+ 47. Nxd4 Kxd4 48. Kb4 b6 49. b3 Kd5 50. Kc3 Kc5 51. b4+ Kd5 52. Kd3 b5 53. axb5 axb5 54. Kd2 Kd4 55. Kc1 Kc3 56. Kb1 Kxb4 57. Kb2 Kc4 58. Kc2 b4 59. Kb2 Kd4 60. Kb3 Kc5 61. Kb2 Kc4 62. Kc2 b3+ 63. Kb2 Kb4 64. Kb1 Kc3 65. Kc1 Kd3 66. Kb2 Kc4 67. Kb1 Kb4 68. Kb2 Ka4 69. Kb1 Ka3 70. Ka1 b2+ 71. Kb1 Kb3 1/2-1/2

[Event "January 9 Late 2024"]
[Site "https://www.chess.com"]
[Date "2024.01.09"]
[Round "1"]
[White "Rastbod, Ali"]
[Black "Meduri, Aakaash"]
[Result "1-0"]
[Board "118"]
[TimeControl "180+1"]
[WhiteFideId "12567477"]
[BlackFideId "2032252"]
[WhiteElo "2736"]
[BlackElo "2413"]
[WhiteTeam "IRI"]
[BlackTeam "USA"]
[WhiteClock "0:00:20"]
[BlackClock "0:00:00"]

1. e4 c5 2. Nf3 d6 3. Bb5+ Bd7 4. Bxd7+ Nxd7 5. O-O Ngf6 6. Qe2 e6 7. b3 Be7 8. Bb2 O-O 9. c4 Qb6 10. d4 d5 11. exd5 exd5 12. cxd5 Nxd5 13. Nc3 Nxc3 14. Bxc3 Bf6 15. Rad1 Rfe8 16. Qb2 cxd4 17. Bxd4 Bxd4 18. Rxd4 Nf6 19. Rfd1 Rac8 20. h3 h6 21. Rd6 Qb5 22. Qd4 a6 23. Rb6 Qa5 24. Rxb7 Qxa2 25. Qa7 Rf8 26. Ne5 Qe2 27. Qd4 Rc2 28. Rf1 Rd2 29. Qf4 Nd5 30. Qg3 Rd1 31. Rxd1 Qxd1+ 32. Kh2 Nf6 33. Rb6 Qe2 34. Rxf6 Re8 35. Nxf7 Kf8 36. Rf3 Kg8 37. Nxh6+ Kh7 38. Nf5 Qe5 39. Qxe5 Rxe5 40. g4 Rb5 41. Kg3 g6 42. Nd4 Rb4 43. Ne6 Kg8 44. Ng5 Kg7 45. h4 Rb5 46. Rc3 a5 47. f4 Rb4 48. h5 gxh5 49. gxh5 a4 50. bxa4 Rxa4 51. Kg4 Rb4 52. Rc7+ Kg8 53. h6 Rb8 54. Kh5 Kh8 55. f5 Rf8 56. f6 1-0

[Event "January 9 Late 2024"]
[Site "https://www.chess.com"]
[Date "2024.01.09"]
[Round "1"]
[White "Rees, Ioan"]
[Black "Mekhitarian, Krikor Sevag"]
[Result "0-1"]
[Board "119"]
[TimeControl "180+1"]
[WhiteFideId "1801236"]
[BlackFideId "2107660"]
[WhiteElo "2412"]
[BlackElo "2735"]
[WhiteTeam "WLS"]
[BlackTeam "BRA"]
[WhiteClock "0:00:10"]
[BlackClock "0:00:12"]

1. e4 e6 2. d4 d5 3. e5 c5 4. c3 Nc6 5. Nf3 Bd7 6. Be2 cxd4 7. cxd4 Nge7 8. O-O Nf5 9. Nc3 Rc8 10. Be3 Be7 11. Bd3 Nxe3 12. fxe3 O-O 13. Rc1 f5 14. exf6 Bxf6 15. Kh1 Qe7 16. a3 g6 17. Qe1 Qd6 18. e4 Nxd4 19. Nxd4 Bxd4 20. Rxf8+ Rxf8 21. exd5 Bxc3 22. Qxc3 exd5 23. Qd4 a6 24. b4 Bc6 25. Re1 Re8 26. Rxe8+ Bxe8 27. g3 Bc6 28. Kg2 Kf7 29. h4 Qf6 30. Qf4 d4+ 31. Kf2 Qxf4+ 32. gxf4 Kf6 33. Kg3 Bd7 34. Kf3 Bc6+ 35. Kg4 Bb5 36. Be4 b6 37. Kf3 a5 38. bxa5 bxa5 39. h5 gxh5 40. Bxh7 Bc6+ 41. Be4 Bxe4+ 42. Kxe4 h4 43. Kxd4 h3 44. Ke3 h2 45. Kf2 h1=Q 0-1

[Event "January 9 Late 2024"]
[Site "https://www.chess.com"]
[Date "2024.01.09"]
[Round "1"]
[White "Gritsenko, Nikolai"]
[Black "Alvarado, Carlos"]
[Result "1-0"]
[Board "120"]
[TimeControl "180+1"]
[WhiteFideId "14112493"]
[BlackFideId "3800555"]
[WhiteElo "2732"]
[BlackElo "2410"]
[WhiteTeam "UKR"]
[BlackTeam "PER"]
[WhiteClock "0:00:15"]
[BlackClock "0:00:11"]

1. e4 c6 2. d4 d5 3. f3 e6 4. Nc3 Bb4 5. Ne2 Ne7 6. a3 Ba5 7. Be3 Nd7 8. Qd2 Nf6 9. e5 Nd7 10. b4 Bc7 11. Ng3 a5 12. Rb1 axb4 13. axb4 b5 14. Bd3 Nb6 15. O-O Nc4 16. Qf2 Nxe3 17. Qxe3 h5 18. Qg5 g6 19. Nge2 Nf5 20. Qd2 Qe7 21. Bxf5 gxf5 22. Kh1 h4 23. h3 f6 24. f4 Bd7 25. Nd1 Kf7 26. Nb2 Kg7 27. Nd3 Be8 28. exf6+ Qxf6 29. Ne5 Bxe5 30. dxe5 Qe7 31. Nd4 Bd7 32. Ra1 Ra4 33. Rxa4 bxa4 34. Ra1 Ra8 35. Qc3 Rb8 36. Nxc6 Bxc6 37. Qxc6 Rxb4 38. Rxa4 Rxa4 39. Qxa4 Kh6 40. Qa8 Kg7 41. Qc8 Qb4 42. Qd7+ Kh8 43. Qd8+ Kh7 44. Qxh4+ Kg7 45. Qf6+ Kh7 46. Qf7+ Kh8 47. Qh5+ Kg7 48. Qg5+ Kh7 49. Kh2 Qd2 50. h4 Qxc2 51. Qe7+ Kh8 52. Qf6+ Kh7 53. Qxe6 Qe4 54. Qe7+ Kh8 55. Qg5 d4 56. h5 d3 57. h6 Qb7 58. Qd8+ Kh7 59. Qxd3 Kxh6 60. Qxf5 Qf7 61. Qf6+ 1-0

[Event "January 9 Late 2024"]
[Site "https://www.chess.com"]
[Date "2024.01.09"]
[Round "1"]
[White "Rubio Tent, Francisco"]
[Black "Jarmula, Lukasz"]
[Result "1/2-1/2"]
[Board "121"]
[TimeControl "180+1"]
[WhiteFideId "2238233"]
[BlackFideId "1160664"]
[WhiteElo "2410"]
[BlackElo "2730"]
[WhiteTeam "ESP"]
[BlackTeam "POL"]
[WhiteClock "0:00:11"]
[BlackClock "0:00:16"]

1. e4 d6 2. d4 Nf6 3. Nc3 Nc6 4. Nf3 g6 5. h3 Bg7 6. Be3 a6 7. a4 b6 8. Bc4 e6 9. O-O O-O 10. Qd2 Bb7 11. Bg5 Ne7 12. Bd3 c5 13. Rfe1 cxd4 14. Nxd4 Qc7 15. Rad1 Nc6 16. Nb3 Ne5 17. Bf1 Rad8 18. Bf4 Nh5 19. Bh6 Nc4 20. Bxc4 Qxc4 21. Bxg7 Kxg7 22. Qe3 Qc7 23. Rd3 Rd7 24. Red1 Rfd8 25. Qd4+ Nf6 26. Rf3 e5 27. Qe3 Qc4 28. Qg5 Qe6 29. Re3 h6 30. Qg3 Nh5 31. Qg4 Qxg4 32. hxg4 Nf6 33. f3 d5 34. exd5 Nxd5 35. Rxe5 Nb4 36. Rxd7 Rxd7 37. Re2 Bc6 38. Kf2 b5 39. axb5 axb5 40. Nc5 Rc7 41. N5e4 Na6 42. Nd6 b4 43. Nce4 Re7 44. c3 b3 45. Nd2 Rxe2+ 46. Kxe2 Nc5 47. N6c4 Bb5 48. Ke3 Na4 49. Kd4 Kf6 50. Kd5 Kg5 51. Ke5 Kh4 52. Kf4 g5+ 53. Ke3 Kg3 54. Nd6 Ba6 55. Nf5+ Kxg2 56. Nxb3 Nxb2 57. Nxh6 Nd1+ 58. Kd2 Nb2 59. Nxf7 Kxf3 60. Nxg5+ Kxg4 61. Ne6 Bc4 62. Ned4 Kf4 63. Kc2 Nd3 64. Nd2 Ba6 65. Nc6 Nc5 66. Nb4 Be2 67. Nb1 Bh5 68. Nd2 Bg6+ 69. Kb2 Ke3 70. Nc4+ Ke2 71. Ne5 Be4 72. c4 Ke3 73. Kc3 Na4+ 74. Kb3 Nc5+ 75. Kc3 Na4+ 76. Kb3 Nc5+ 77. Kb2 Kd4 78. Nec6+ Kxc4 79. Ka3 Bh1 80. Na5+ Kb5 81. Nb3 Nd7 82. Nd2 Nb6 83. Nb3 Nc4+ 84. Ka2 Kxb4 85. Nc1 Bd5 86. Nd3+ Kc3 87. Nf4 Bf7 88. Kb1 Nd6 89. Ne2+ Kd2 90. Nf4 Ne4 91. Kb2 Nc3 92. Ka3 Nd1 93. Kb4 Ba2 94. Kc5 Bb1 95. Kd6 Bc2 96. Ke5 Nc3 97. Nd5 Ne4 98. Nf6 Nf2 99. Nd5 Nd3+ 100. Kd6 Nb2 101. Nb4 Bb1 102. Nc6 Kc3 103. Ne5 Kd4 104. Ke6 Ba2+ 105. Kf6 Bb1 106. Nc6+ Kd5 107. Ne5 Nd1 108. Nf3 Ne3 109. Ne5 Nc4 110. Nf7 Bc2 111. Ng5 Bb1 112. Nf3 Kc5 113. Ng5 Kb4 114. Ne6 Nb2 115. Nf4 Kb3 116. Ne6 Ka2 117. Nc5 Ka1 118. Ne6 Ba2 119. Nf4 Kb1 120. Ne6 Kc2 121. Nf4 Kc1 122. Ne6 Kc2 123. Nf4 Nc4 124. Ne6 Nd2 125. Nd4+ Kd3 126. Ne6 Ne4+ 127. Ke5 Nd2 128. Nc5+ Kc4 129. Ne4 Nf3+ 130. Kf4 Nd4 131. Nd6+ Kd5 132. Nf5 Bb1 133. Nxd4 1/2-1/2

[Event "January 9 Late 2024"]
[Site "https://www.chess.com"]
[Date "2024.01.09"]
[Round "1"]
[White "Ivanisevic, Ivan"]
[Black "Ozen, Metehan"]
[Result "1-0"]
[Board "122"]
[TimeControl "180+1"]
[WhiteFideId "912417"]
[BlackFideId "34596054"]
[WhiteElo "2729"]
[BlackElo "2406"]
[WhiteTeam "SRB"]
[BlackTeam "TUR"]
[WhiteClock "0:00:39"]
[BlackClock "0:00:00"]

1. d4 Nf6 2. Nf3 b6 3. Bg5 Ne4 4. Bh4 Bb7 5. e3 g6 6. Bd3 Bg7 7. O-O O-O 8. Nbd2 d5 9. c3 Nd7 10. Qe2 a6 11. a4 Qe8 12. a5 b5 13. Nb3 e5 14. Bxe4 dxe4 15. Nxe5 Nxe5 16. dxe5 Qxe5 17. Rfd1 c5 18. Rd2 Rac8 19. Rad1 Qe6 20. Rd7 Qxb3 21. Rxb7 Rb8 22. Rb6 Rxb6 23. axb6 Be5 24. Be7 Rc8 25. b7 Rb8 26. Bxc5 Rxb7 27. Rd8+ Kg7 28. Bf8+ Kf6 29. f4 Bc7 30. Rd4 Rb6 31. g4 Rc6 32. g5+ Kf5 33. h3 Ke6 34. Qg4+ f5 35. gxf6+ Kxf6 36. Qg5+ Kf7 37. Qe7+ 1-0

[Event "January 9 Late 2024"]
[Site "https://www.chess.com"]
[Date "2024.01.09"]
[Round "1"]
[White "Argandona Riveiro, Inigo"]
[Black "Garayev, Kanan"]
[Result "0-1"]
[Board "123"]
[TimeControl "180+1"]
[WhiteFideId "2212072"]
[BlackFideId "13406671"]
[WhiteElo "2403"]
[BlackElo "2729"]
[WhiteTeam "ESP"]
[BlackTeam "AZE"]
[WhiteClock "0:00:00"]
[BlackClock "0:01:17"]

1. Nf3 Nf6 2. c4 g6 3. Nc3 d5 4. Qa4+ c6 5. cxd5 Nxd5 6. Qd4 f6 7. e4 e5 8. Qd3 Nb4 9. Qb1 Bg4 10. a3 N4a6 11. b4 Bxf3 12. gxf3 Bh6 13. Bc4 Nc7 14. d3 Bxc1 15. Qxc1 Qe7 16. Qe3 Nd7 17. h4 Nb6 18. Bb3 O-O-O 19. O-O-O Kb8 20. h5 Ne6 21. hxg6 hxg6 22. Rxh8 Rxh8 23. Bxe6 Qxe6 24. d4 Nc4 25. Qd3 Nxa3 26. d5 cxd5 27. exd5 Qd6 28. Na2 Rc8+ 29. Kb2 Nc4+ 30. Ka1 f5 31. Rc1 b5 32. Rd1 a6 33. Kb1 Rh8 34. f4 e4 35. Qd4 Rh3 36. Ka1 Ra3 37. Qh8+ Ka7 38. Qg7+ Kb6 39. Qd4+ Kb7 40. Qg7+ Qc7 41. Qd4 Nd6 42. Qc5 Qxc5 43. bxc5 Nc4 44. d6 Rd3 45. Nc3 Kc6 46. Rxd3 exd3 47. Kb1 b4 48. Na4 d2 49. Kc2 b3+ 50. Kd1 b2 51. Nc3 a5 52. Nb1 a4 53. Kc2 a3 54. Nc3 a2 55. Nxa2 b1=Q+ 56. Kxb1 d1=Q+ 57. Nc1 Qd2 0-1

[Event "January 9 Late 2024"]
[Site "https://www.chess.com"]
[Date "2024.01.09"]
[Round "1"]
[White "Weetik, Vjacheslav"]
[Black "Marchesich, Giovanni"]
[Result "1-0"]
[Board "124"]
[TimeControl "180+1"]
[WhiteFideId "4153472"]
[BlackFideId "2824790"]
[WhiteElo "2729"]
[BlackElo "2402"]
[WhiteTeam "RUS"]
[BlackTeam "ITA"]
[WhiteClock "0:00:05"]
[BlackClock "0:00:02"]

1. d4 g6 2. e4 Bg7 3. Nf3 a6 4. c4 c5 5. dxc5 Qa5+ 6. Bd2 Qxc5 7. Bc3 Nf6 8. Nbd2 Nc6 9. e5 Ng4 10. Ne4 Qb6 11. Qd5 O-O 12. h3 Nh6 13. Be2 Qc7 14. O-O b6 15. Rad1 Rd8 16. Qd2 Bb7 17. Rfe1 Nf5 18. g4 Nh6 19. Bf1 Kf8 20. Qf4 Kg8 21. Qg5 Rf8 22. Qh4 b5 23. Bd2 f5 24. exf6 Bxf6 25. Qxh6 Bg7 26. Qe3 bxc4 27. Bxc4+ e6 28. Bc3 d5 29. Bxg7 Qxg7 30. Neg5 dxc4 31. Nxe6 Qxb2 32. Nxf8 Rxf8 33. Rd7 c3 34. Qe6+ Kh8 35. Qd6 Kg8 36. Qe6+ Kh8 37. Qd6 Kg8 38. Ree7 Nxe7 39. Qxe7 Qc1+ 40. Ne1 Qxe1+ 41. Qxe1 c2 42. Qe6+ Kh8 43. Qe5+ Kg8 44. Rc7 Bc6 45. Qg7# 1-0

[Event "January 9 Late 2024"]
[Site "https://www.chess.com"]
[Date "2024.01.09"]
[Round "1"]
[White "Buchenau, Frank"]
[Black "Syaputra, Arifa Rizki"]
[Result "0-1"]
[Board "125"]
[TimeControl "180+1"]
[WhiteFideId "4604350"]
[BlackFideId "7105100"]
[WhiteElo "2398"]
[BlackElo "2727"]
[WhiteTeam "GER"]
[BlackTeam "INA"]
[WhiteClock "0:00:00"]
[BlackClock "0:00:04"]

1. e4 c5 2. Nf3 Nc6 3. Bb5 g6 4. Bxc6 dxc6 5. d3 Bg7 6. O-O Nf6 7. a4 O-O 8. a5 Nd7 9. Nc3 e5 10. Be3 Re8 11. Re1 Rb8 12. Qc1 Qe7 13. Bh6 Nf8 14. Bxg7 Kxg7 15. Ne2 Bg4 16. Nd2 Bxe2 17. Rxe2 Ne6 18. Nc4 f6 19. g3 Rbd8 20. Kg2 Nd4 21. Re1 Qe6 22. Qd1 h5 23. h4 Rh8 24. c3 Nb5 25. Qe2 Rdf8 26. Qe3 Qe7 27. Rad1 Rd8 28. f4 Rhf8 29. Rf1 exf4 30. gxf4 f5 31. Rde1 fxe4 32. Qxe4 Qxh4 33. Qe5+ Kh6 34. Re3 Qg4+ 35. Rg3 Qf5 36. Qxf5 Rxf5 37. Ne5 Rf6 38. Re1 Rdf8 39. Nd7 Rxf4 40. Nxf8 Rxf8 41. Rf3 Rd8 42. Re7 Nd6 43. Rf6 Kg5 44. Ree6 Nf5 45. Rxg6+ Kf4 46. Ref6 Rxd3 47. Kf2 Rd2+ 48. Ke1 Rxb2 49. Rh6 Ke5 50. Re6+ Kd5 51. Ref6 Nxh6 52. Rxh6 Kc4 53. Rxh5 Kxc3 54. Rxc5+ Kd4 55. Rf5 a6 0-1

[Event "January 9 Late 2024"]
[Site "https://www.chess.com"]
[Date "2024.01.09"]
[Round "1"]
[White "Agibileg, Uurtsaikh"]
[Black "Stachanczyk, Jacek"]
[Result "1/2-1/2"]
[Board "126"]
[TimeControl "180+1"]
[WhiteFideId "4901606"]
[BlackFideId "1116657"]
[WhiteElo "2724"]
[BlackElo "2398"]
[WhiteTeam "MGL"]
[BlackTeam "POL"]
[WhiteClock "0:00:04"]
[BlackClock "0:00:15"]

1. d4 d5 2. c4 c6 3. Nf3 Nf6 4. Nc3 dxc4 5. a4 Bf5 6. Ne5 Nbd7 7. Nxc4 Qc7 8. g3 e5 9. dxe5 Nxe5 10. Bf4 Nfd7 11. Bg2 g5 12. Ne3 gxf4 13. Nxf5 O-O-O 14. Qc2 a5 15. O-O fxg3 16. hxg3 h5 17. Ne4 Bb4 18. Rfd1 Kb8 19. Rd4 Nb6 20. Rad1 Rxd4 21. Rxd4 Rd8 22. Qd1 Rxd4 23. Qxd4 Nxa4 24. Nfd6 Qe7 25. b3 Nc3 26. Nxc3 Qxd6 27. Qxd6+ Bxd6 28. f4 Bc5+ 29. Kf1 Ng4 30. Bf3 Nh2+ 31. Kg2 Nxf3 32. Kxf3 Kc7 33. e4 b5 34. e5 Bb4 35. Na2 Be1 36. g4 hxg4+ 37. Kxg4 c5 38. Kf5 Bd2 39. Ke4 Kc6 40. f5 c4 41. bxc4 b4 42. Kd3 Bg5 43. Kc2 Kc5 44. Kb3 Bf4 45. e6 fxe6 46. fxe6 Kd6 47. Ka4 Bd2 48. Kb3 Kxe6 49. Kc2 Bg5 50. Kb3 Be7 51. Ka4 Ke5 52. Nc1 Kd4 53. Kxa5 Kxc4 54. Ka4 Kc3 55. Na2+ Kc2 56. Nxb4+ 1/2-1/2

[Event "January 9 Late 2024"]
[Site "https://www.chess.com"]
[Date "2024.01.09"]
[Round "1"]
[White "Gajwa Ankit"]
[Black "Akobian, Varuzhan"]
[Result "0-1"]
[Board "127"]
[TimeControl "180+1"]
[WhiteFideId "5077834"]
[BlackFideId "13300580"]
[WhiteElo "2397"]
[BlackElo "2724"]
[WhiteTeam "IND"]
[BlackTeam "USA"]
[WhiteClock "0:00:16"]
[BlackClock "0:01:04"]

1. e4 d6 2. d4 Nf6 3. Nc3 c6 4. f4 Qa5 5. Bd3 e5 6. Nf3 exd4 7. Nxd4 Qb6 8. Nb3 a5 9. a4 g6 10. Qe2 Bg4 11. Qf2 Qxf2+ 12. Kxf2 Be6 13. Nd4 Bg7 14. Nxe6 fxe6 15. Re1 O-O 16. g3 Nbd7 17. Kg2 Nc5 18. Be3 Nxd3 19. cxd3 d5 20. Bc5 Rf7 21. exd5 exd5 22. Re2 Nd7 23. Bd6 Bf8 24. Bxf8 Kxf8 25. Rae1 Nf6 26. Kf3 Re8 27. Rxe8+ Nxe8 28. Re6 Re7 29. Re5 Nf6 30. Nb1 Nd7 31. Rxe7 Kxe7 32. Nd2 Nc5 33. b3 Nxd3 34. Ke3 Nc5 35. Kd4 Kd6 36. g4 Ne6+ 37. Ke3 b5 38. f5 gxf5 39. gxf5 bxa4 40. fxe6 a3 41. b4 a4 42. e7 Kxe7 0-1

[Event "January 9 Late 2024"]
[Site "https://www.chess.com"]
[Date "2024.01.09"]
[Round "1"]
[White "Hambleton, Aman"]
[Black "Wu, Sibo"]
[Result "1-0"]
[Board "128"]
[TimeControl "180+1"]
[WhiteFideId "2606577"]
[BlackFideId "8606048"]
[WhiteElo "2724"]
[BlackElo "2397"]
[WhiteTeam "CAN"]
[BlackTeam "CHN"]
[WhiteClock "0:00:03"]
[BlackClock "0:00:05"]

1. d4 d5 2. Bf4 Nf6 3. e3 c5 4. c3 Nc6 5. Nd2 cxd4 6. exd4 e6 7. Ngf3 Nh5 8. Be3 Bd6 9. g3 O-O 10. Bd3 f5 11. Ne5 Nf6 12. Ndf3 Ne4 13. Bf4 h6 14. Qe2 a5 15. O-O Ne7 16. h4 Qe8 17. Kg2 Bd7 18. Rae1 a4 19. a3 Rb8 20. Nxd7 Qxd7 21. Bb5 Nc6 22. Bxd6 Qxd6 23. Bxa4 f4 24. g4 h5 25. g5 Ne7 26. Bc2 Nf5 27. Bxe4 dxe4 28. Qxe4 Rfe8 29. Kh3 b5 30. Ne5 Rbc8 31. Qf3 Rf8 32. Ng6 Rf7 33. Qxh5 Nh6 34. gxh6 gxh6 35. Rg1 Kh7 36. Ne5 Rf6 37. Rg6 Rcf8 38. Qxh6# 1-0

[Event "January 9 Late 2024"]
[Site "https://www.chess.com"]
[Date "2024.01.09"]
[Round "1"]
[White "Mohammed, Zozek Salah Mohammed"]
[Black "Korchmar, Vasiliy"]
[Result "0-1"]
[Board "129"]
[TimeControl "180+1"]
[WhiteFideId "4803361"]
[BlackFideId "24131750"]
[WhiteElo "2396"]
[BlackElo "2723"]
[WhiteTeam "IRQ"]
[BlackTeam "RUS"]
[WhiteClock "0:00:18"]
[BlackClock "0:00:33"]

1. d4 d5 2. Nf3 Nf6 3. g3 Bg4 4. Bg2 Nbd7 5. O-O e6 6. c4 c6 7. cxd5 exd5 8. Nc3 Bd6 9. h3 Bf5 10. Bg5 h6 11. Bxf6 Nxf6 12. Ne5 O-O 13. Qb3 Rb8 14. Rfe1 Re8 15. e4 Be6 16. exd5 cxd5 17. f4 Ne4 18. Nxe4 dxe4 19. Qe3 f6 20. Ng4 Bc7 21. Kh2 Bb6 22. Rad1 Qd7 23. Nf2 f5 24. Qe2 Bxa2 25. d5 Bxd5 26. Nxe4 fxe4 27. Bxe4 Rxe4 28. Qxe4 Bxe4 29. Rxd7 Bc6 30. Rde7 Rd8 31. R1e2 Bd4 32. g4 Bf6 33. R7e3 a5 34. Kg3 Bd4 35. Re7 Bc5 36. R7e6 Rd3+ 37. Kh4 Bd4 38. g5 hxg5+ 39. Kxg5 Rg3+ 40. Kh4 Rg1 41. f5 Bf6+ 42. Kh5 Bf3# 0-1